 Dungeon Crawl Stone Soup version 0.31.0-11-ge490571c62 (webtiles) character file.

Game seed: 11337557364892716555

57 qw the Shooter (level 3, -8/18 HPs)
             Began as a Spriggan Hunter on Feb 3, 2024.
             Mangled by a gnoll
             ... wielding a +3 halberd
              (14 damage)
             ... on level 2 of the Dungeon.
             The game lasted 00:00:03 (933 turns).

qw the Shooter (Spriggan Hunter)                     Turns: 933, Time: 00:00:03

Health: -8/18      AC:  2    Str:  7    XL:     3   Next: 73%
Magic:  4/4        EV: 19    Int: 10    God:
Gold:   71         SH:  0    Dex: 20    Spells: 2/2 levels left

rFire   . . .        a - +0 shortbow
rCold   . . .        (shield currently unavailable)
rNeg    . . .        c - +0 robe
rPois   .            (helmet restricted)
rElec   .            (no cloak)
rCorr   .            (gloves unavailable)
SInv    +            (boots unavailable)
Will    .....        (no amulet)
Stlth   ++           (no ring)
HPRegen 0.23/turn    (no ring)
MPRegen 0.09/turn

%: no passive effects
@: very quick
A: very small, no large weapons, unfitting armour, see invisible, speed 3
a: no special abilities


You were on level 2 of the Dungeon.
You visited 1 branch of the dungeon, and saw 2 of its levels.

You collected 71 gold pieces.


Innate Abilities, Weirdness & Mutations

You are very small and have problems with some larger weapons.
You are too small for most types of armour.
You have supernaturally acute eyesight. (SInv)
You cover ground extremely quickly. (Speed+++)


   Skills:
 - Level 1.5 Fighting
 + Level 4.9 Ranged Weapons
 - Level 4.0 Dodging
 - Level 1.5 Stealth


You had 2 spell levels left.
You didn't know any spells.
Your spell library was empty.

Inventory:

Hand Weapons
 a - a +0 shortbow (weapon)
Armour
 c - a +0 robe (worn)
Scrolls
 h - 2 scrolls of identify
Potions
 b - a potion of invisibility {unknown}
 d - 2 potions of curing
 f - a potion of might

Dungeon Overview and Level Annotations

Branches:
Dungeon (2/15)

Altars:


Message History

You shoot an arrow. The arrow hits the goblin.
You kill the goblin!
A kobold comes into view. It is wielding a +0 dagger.
You shoot an arrow.
The arrow hits the kobold but does no damage.
The kobold shouts!
You hear a shout!
You shoot an arrow. The arrow hits the kobold!
You kill the kobold!
A goblin comes into view. It is wielding a +0 club.
You shoot an arrow. The arrow hits the goblin!
You kill the goblin!
A hobgoblin comes into view.
You shoot an arrow. The hobgoblin shouts!
The arrow hits the hobgoblin but does no damage.
You hear a shout! x3
You shoot an arrow. The arrow barely misses the hobgoblin.
A gnoll comes into view. It is wielding a +3 halberd.
You shoot an arrow. The arrow closely misses the hobgoblin.
You shoot an arrow. The arrow hits the hobgoblin.
The hobgoblin is almost dead.
You shoot an arrow. The arrow closely misses the hobgoblin.
You shoot an arrow.
The arrow completely misses the hobgoblin.
The gnoll closely misses you. The hobgoblin barely misses you.
You shoot an arrow. The arrow barely misses the hobgoblin.
The gnoll completely misses you. The hobgoblin misses you.
You shoot an arrow. The arrow hits the hobgoblin.
You kill the hobgoblin!
The gnoll hits you from afar with a +3 halberd!
Ouch! That really hurt!
A gnoll comes into view.
It is wielding a +0 club and quivering a throwing net.
You shoot an arrow. The arrow hits the gnoll.
The gnoll is lightly wounded.
The gnoll misses you.
You shoot an arrow. The arrow closely misses the gnoll.
The gnoll hits you from afar with a +3 halberd!
Ouch! That really hurt!
You die...

.).... ######.. ###.
....# ###..%.... #...
#.g# #.....##.. #
#...###..###.....##..
#.##....................
#.............#.....##.#
#........g..#.#.....##..
..........#.#.###.######
.......@....#.# #.# #
..##.)..#####.# #.# #
#.....!.. ..# #.# #
#..##.##.# #.# #.# #. #)
.# #.# #.. # #. .# #.. #
.# ... ..


You could see 2 gnolls.

Vanquished Creatures
  An adder (D:2)
  A dart slug (D:2)
  4 bats (D:1)
  6 endoplasms
  4 hobgoblins
  3 jackals (D:1)
  4 kobolds
  2 quokkas (D:1)
  4 ball pythons (D:1)
  3 frilled lizards (D:1)
  4 goblins
  5 rats
41 creatures vanquished.

Notes
Turn   | Place    | Note
-------+----------+-------------------------------------------
     0 | D:1      | qw the Spriggan Hunter began the quest for the Orb.
     0 | D:1      | Reached XP level 1. HP: 10/10 MP: 2/2
     0 | D:1      | 0 ||| qw: Version: 0.3-a-157-g843a77d
     0 | D:1      | 0 ||| qw: Game counter: 3950
     0 | D:1      | 0 ||| qw: Melee chars always use a shield: true
     0 | D:1      | 0 ||| qw: God list: Okawaru
     0 | D:1      | 0 ||| qw: Allow faded altars: false
     0 | D:1      | 0 ||| qw: Do Orc after clearing Dungeon:15 true
     0 | D:1      | 0 ||| qw: Do second Lair branch before Depths: true
     0 | D:1      | 0 ||| qw: Lair rune preference: random
     0 | D:1      | 0 ||| qw: Goals: Normal
     0 | D:1      | 0 ||| PLANNING D:1-11
     7 | D:1      | Reached skill level 3 in Dodging
   105 | D:1      | Reached XP level 2. HP: 14/14 MP: 3/3
   574 | D:1      | Reached XP level 3. HP: 18/18 MP: 4/4
   764 | D:1      | 764 ||| READING scroll labelled ZIQIET GUGAG.
   765 | D:1      | 765 ||| READING scroll labelled MEATUI WONAT.
   766 | D:1      | 766 ||| READING 3 scrolls labelled JYUCUD ONOK.
   766 | D:1      | 766 ||| IDENTIFYING sedimented blue potion
   767 | D:1      | 767 ||| READING 2 scrolls of identify.
   767 | D:1      | 767 ||| IDENTIFYING 2 black potions
   768 | D:1      | 768 ||| DROPPING scroll of butterflies.
   933 | D:2      | Mangled by a gnoll

Levels and vault maps discovered:
D:1:      dpeg_arrival_boxes_within_box, layout_loops_ring, st_stairs_8,
          minivault_23, minmay_misc_feat_iff, minmay_distorted
D:2:      layout_loops_ring, uniq_robin

Skill      XL: |  1  2 |
---------------+-------+-----
Dodging        | 3 4 |  4.0
Fighting       | |  1.5
Ranged Weapons | |  4.9
Stealth        | |  1.5

Action                     || total
---------------------------++-------
   Fire: Shortbow          ||   111
    Use: Scroll            ||     4
 Armour: Robe              ||    15
  Dodge: Dodged            ||    49

Table legend:
 A = Non-vault XP
 B = Vault XP
 C = Vault XP percentage of total XP
 D = Non-vault monster count
 E = Vault monster count
 F = Vault count percentage of total count
                 A         B        C        D         E       F
            +---------+---------+-------+---------+---------+-------
      Total |      77 |       5 |   6.1 |      38 |       3 |   7.3
            +---------+---------+-------+---------+---------+-------
        D:1 |      46 |       3 |   6.1 |      29 |       2 |   6.5
        D:2 |      31 |       2 |   6.1 |       9 |       1 |  10.0
            +---------+---------+-------+---------+---------+-------
